TOP OF THE 1ST |
---|
Santa Anna Dukes batting - Pitching for Coronado Eclipse : RHP Juan Salazar | Pitching: RHP Juan Salazar | | Batting: RHB Julián García | 0-0: Foul Ball, location: 2F 0-1: Foul Ball, location: 2F 0-2: Fly out, F7 (Flyball, 78D) | Batting: LHB Iván Soriano | 0-0: Foul Ball, location: 2F 0-1: Ball 1-1: Swinging Strike 1-2: Strikes out swinging | Batting: LHB Luis Miguel Martínez | 0-0: Swinging Strike 0-1: Ground out 1-3 (Groundball, 15S) | Top of the 1st over - 0 runs, 0 hits, 0 errors, 0 left on base; Santa Anna 0 - Coronado 0 | BOTTOM OF THE 1ST |
---|
Coronado Eclipse batting - Pitching for Santa Anna Dukes : RHP Howard Hatfield | Pitching: RHP Howard Hatfield | | Batting: RHB Arturo Franco | 0-0: Foul Ball, location: 2F 0-1: Foul Ball, location: 2F 0-2: Strikes out looking | Batting: SHB Luis Sotelo | 0-0: Called Strike 0-1: Fly out, F9 (Flyball, 9LM) | Batting: RHB Júlio Serra | 0-0: Ball 1-0: SINGLE (Line Drive, 34D) | Batting: RHB Ramón Sánchez | 0-0: Swinging Strike 0-1: Swinging Strike 0-2: Ball Júlio Serra is caught stealing 2nd base | Bottom of the 1st over - 0 runs, 1 hit, 0 errors, 0 left on base; Santa Anna 0 - Coronado 0 | TOP OF THE 2ND |
---|
Santa Anna Dukes batting - Pitching for Coronado Eclipse : RHP Juan Salazar | Batting: RHB Andrés Pérez | 0-0: Ball 1-0: Swinging Strike 1-1: Fly out, F9 (Flyball, 89M) | Batting: RHB Amdre Casse | 0-0: Ball 1-0: Called Strike 1-1: Foul Ball, location: 2F 1-2: Ball 2-2: Ground out 5-3 (Groundball, 5) | Batting: RHB Tim Guerrero | 0-0: Foul Ball, location: 2F 0-1: Ball 1-1: Ground out 5-3 (Groundball, 5) | Top of the 2nd over - 0 runs, 0 hits, 0 errors, 0 left on base; Santa Anna 0 - Coronado 0 | BOTTOM OF THE 2ND |
---|
Coronado Eclipse batting - Pitching for Santa Anna Dukes : RHP Howard Hatfield | Batting: RHB Ramón Sánchez | 0-0: Ball 1-0: Ball 2-0: Foul Ball, location: 2F 2-1: Foul Ball, location: 2F 2-2: Ball 3-2: Foul Ball, location: 2F 3-2: DOUBLE (Line Drive, 7LM) | Batting: RHB Fred Wagner | 0-0: Ground out 5-3 (Groundball, 56) | Batting: LHB Todd Emery | 0-0: Ball 1-0: Ground out 1-3 (Groundball, 13S) Ramón Sánchez to third | Batting: LHB Robby Bland | 0-0: Ball 1-0: Called Strike 1-1: Ball 2-1: 2-RUN HOME RUN (Flyball, 9D), Distance : 396 ft | Batting: SHB José Acevedo | 0-0: Called Strike 0-1: Fly out, F8 (Line Drive, 8LM) | Bottom of the 2nd over - 2 runs, 2 hits, 0 errors, 0 left on base; Santa Anna 0 - Coronado 2 | TOP OF THE 3RD |
---|
Santa Anna Dukes batting - Pitching for Coronado Eclipse : RHP Juan Salazar | Batting: LHB Francisco Madraso | 0-0: Called Strike 0-1: Ground out 5-3 (Groundball, 5) | Batting: RHB Donald Fenner | 0-0: Called Strike 0-1: Called Strike 0-2: Strikes out swinging, 2-3 out at first. | Batting: RHB Ken Pérez | 0-0: Called Strike 0-1: Ball 1-1: Ball 2-1: SINGLE (Groundball, 56D) | Batting: RHB Julián García | 0-0: Ball 1-0: Called Strike 1-1: Foul Ball, location: 2F 1-2: Foul Ball, location: 2F 1-2: Fielders Choice at 2nd, 6-4 (Groundball, 6) | Top of the 3rd over - 0 runs, 1 hit, 0 errors, 1 left on base; Santa Anna 0 - Coronado 2 | BOTTOM OF THE 3RD |
---|
Coronado Eclipse batting - Pitching for Santa Anna Dukes : RHP Howard Hatfield | Batting: LHB António Ramírez | 0-0: Ball 1-0: Ball 2-0: SINGLE (Groundball, 34D) | Batting: RHB Arturo Franco | Pickoff Throw to First - Error! E1 António Ramírez to second 0-0: Foul Ball, location: 2F 0-1: Foul Ball, location: 2F 0-2: Ball 1-2: Ground out 6-3 (Groundball, 6M) António Ramírez to third | Batting: SHB Luis Sotelo | 0-0: SINGLE (Flyball, 89S) António Ramírez scores | Batting: RHB Júlio Serra | 0-0: Called Strike 0-1: Ball 1-1: Fielders Choice at 2nd, 6-4 (Groundball, 56) | Batting: RHB Ramón Sánchez | 0-0: Ball 1-0: Ball 2-0: Called Strike 2-1: Called Strike 2-2: Fly out, F6 (Line Drive, 6) | Bottom of the 3rd over - 1 run, 2 hits, 1 error, 1 left on base; Santa Anna 0 - Coronado 3 | TOP OF THE 4TH |
---|
Santa Anna Dukes batting - Pitching for Coronado Eclipse : RHP Juan Salazar | Batting: LHB Iván Soriano | 0-0: Ball 1-0: Ball 2-0: Foul Ball, location: 2F 2-1: Called Strike 2-2: Ball 3-2: Base on Balls | Batting: LHB Luis Miguel Martínez | 0-0: SINGLE (Flyball, 8RS) Iván Soriano to second | Batting: RHB Andrés Pérez | 0-0: Ball 1-0: Foul Ball, location: 2F 1-1: Ball 2-1: Swinging Strike 2-2: Fielders Choice at 2nd, 1-6 (Groundball, P) Iván Soriano to third | Batting: RHB Amdre Casse | 0-0: Ball 1-0: Foul Ball, location: 2F 1-1: Ball 2-1: Fly out, F8 (Line Drive, 8LM) Runner from 3rd tags up, SCORES, throw made | Batting: RHB Tim Guerrero | 0-0: Ball 1-0: Ball 2-0: Foul Ball, location: 2F 2-1: Swinging Strike 2-2: Foul Ball, location: 2F 2-2: Strikes out looking | Top of the 4th over - 1 run, 1 hit, 0 errors, 1 left on base; Santa Anna 1 - Coronado 3 | BOTTOM OF THE 4TH |
---|
Coronado Eclipse batting - Pitching for Santa Anna Dukes : RHP Howard Hatfield | Batting: RHB Fred Wagner | 0-0: Called Strike 0-1: Foul Ball, location: 2F 0-2: Strikes out swinging | Batting: LHB Todd Emery | 0-0: Ball 1-0: Ball 2-0: Fly out, F9 (Flyball, 9) | Batting: LHB Robby Bland | 0-0: Called Strike 0-1: Ground out 1-3 (Groundball, 25) | Bottom of the 4th over - 0 runs, 0 hits, 0 errors, 0 left on base; Santa Anna 1 - Coronado 3 | TOP OF THE 5TH |
---|
Santa Anna Dukes batting - Pitching for Coronado Eclipse : RHP Juan Salazar | Batting: LHB Francisco Madraso | 0-0: Called Strike 0-1: Ball 1-1: SINGLE (Line Drive, 34D) | Batting: RHB Donald Fenner | 0-0: Ball 1-0: Ground out 4-3 (Groundball, 4S) Francisco Madraso to second | Batting: RHB Ken Pérez | 0-0: Called Strike 0-1: Swinging Strike 0-2: Ball 1-2: Ball 2-2: Fly out, F4 (Popup, 4MD) | Batting: RHB Julián García | 0-0: Ball 1-0: Fly out, F6 (Popup, 6D) | Top of the 5th over - 0 runs, 1 hit, 0 errors, 1 left on base; Santa Anna 1 - Coronado 3 | BOTTOM OF THE 5TH |
---|
Coronado Eclipse batting - Pitching for Santa Anna Dukes : RHP Howard Hatfield | Batting: SHB José Acevedo | 0-0: Called Strike 0-1: Foul Ball, location: 2F 0-2: Hit by Pitch | Batting: LHB António Ramírez | 0-0: Fielders Choice at 2nd, 3-6 (Groundball, 3) | Batting: RHB Arturo Franco | 0-0: Ball 1-0: Ball 2-0: Foul Ball, location: 2F 2-1: Called Strike 2-2: Foul Ball, location: 2F 2-2: Strikes out looking | Batting: SHB Luis Sotelo | 0-0: Called Strike 0-1: Swinging Strike 0-2: SINGLE (Groundball, 34D) António Ramírez to second Runner from 2nd tries for 3rd, SAFE, throw made to third | Batting: RHB Júlio Serra | 0-0: Foul Ball, location: 2F 0-1: Foul Ball, location: 2F 0-2: Ball 1-2: Ball 2-2: Ball 3-2: Fly out, F1 (Line Drive, 15) | Bottom of the 5th over - 0 runs, 1 hit, 0 errors, 2 left on base; Santa Anna 1 - Coronado 3 | TOP OF THE 6TH |
---|
Santa Anna Dukes batting - Pitching for Coronado Eclipse : RHP Juan Salazar | Batting: LHB Iván Soriano | 0-0: Ball 1-0: Ball 2-0: Ball 3-0: Called Strike 3-1: Ground out 5-3 (Groundball, 5L) | Batting: LHB Luis Miguel Martínez | 0-0: Fly out, F7 (Flyball, 7LM) | Batting: RHB Andrés Pérez | 0-0: Foul Ball, location: 2F 0-1: Swinging Strike 0-2: Fly out, F9 (Flyball, 9) | Top of the 6th over - 0 runs, 0 hits, 0 errors, 0 left on base; Santa Anna 1 - Coronado 3 | BOTTOM OF THE 6TH |
---|
Coronado Eclipse batting - Pitching for Santa Anna Dukes : RHP Howard Hatfield | Batting: RHB Ramón Sánchez | 0-0: Foul Ball, location: 2F 0-1: Fly out, F8 (Flyball, 8LS) | Batting: RHB Fred Wagner | 0-0: Ground out 4-3 (Groundball, 4S) | Batting: LHB Todd Emery | 0-0: Swinging Strike 0-1: Fly out, F5 (Popup, 5L) | Bottom of the 6th over - 0 runs, 0 hits, 0 errors, 0 left on base; Santa Anna 1 - Coronado 3 | TOP OF THE 7TH |
---|
Santa Anna Dukes batting - Pitching for Coronado Eclipse : RHP Juan Salazar | Batting: RHB Amdre Casse | 0-0: Foul Ball, location: 2F 0-1: Swinging Strike 0-2: Foul Ball, location: 2F 0-2: Strikes out swinging | Batting: RHB Tim Guerrero | 0-0: Swinging Strike 0-1: Ball 1-1: Ball 2-1: Foul Ball, location: 2F 2-2: Foul Ball, location: 2F 2-2: Ball 3-2: SINGLE (Groundball, 56S) (infield hit) | Batting: LHB Francisco Madraso | 0-0: Ball 1-0: Foul Ball, location: 2F 1-1: Fly out, F9 (Flyball, 9LS) | Batting: RHB Donald Fenner | 0-0: Foul Ball, location: 2F 0-1: Fly out, F8 (Line Drive, 8LM) | Top of the 7th over - 0 runs, 1 hit, 0 errors, 1 left on base; Santa Anna 1 - Coronado 3 | BOTTOM OF THE 7TH |
---|
Coronado Eclipse batting - Pitching for Santa Anna Dukes : RHP Howard Hatfield | Batting: LHB Robby Bland | 0-0: SINGLE (Flyball, 7S) | Batting: SHB José Acevedo | 0-0: Sac Bunt - play at first, batter OUT! 1-3 Robby Bland to second | Batting: LHB António Ramírez | 0-0: Called Strike 0-1: Ball 1-1: Foul Ball, location: 2F 1-2: Strikes out swinging | Batting: RHB Arturo Franco | 0-0: Called Strike 0-1: Called Strike 0-2: Ball 1-2: Ball Wild Pitch! Robby Bland to third 2-2: SINGLE (Line Drive, 34) Robby Bland scores | Batting: SHB Luis Sotelo | 0-0: Ball 1-0: Ball Arturo Franco steals 2nd base 2-0: Ground out 3-1 (Groundball, 34) | Bottom of the 7th over - 1 run, 2 hits, 0 errors, 1 left on base; Santa Anna 1 - Coronado 4 | TOP OF THE 8TH |
---|
Santa Anna Dukes batting - Pitching for Coronado Eclipse : RHP Juan Salazar | Pitching: LHP Luis Rincón | | Batting: RHB Ken Pérez | 0-0: Foul Ball, location: 2F 0-1: Ball 1-1: Called Strike 1-2: Foul Ball, location: 2F 1-2: Ball 2-2: Ball 3-2: Foul Ball, location: 2F 3-2: Fly out, F5 (Line Drive, 56S) | Batting: RHB Julián García | 0-0: Ball 1-0: Foul Ball, location: 2F 1-1: Foul Ball, location: 2F 1-2: Strikes out swinging | Batting: LHB Iván Soriano | 0-0: Called Strike 0-1: Ball 1-1: Swinging Strike 1-2: Ball 2-2: Strikes out swinging | Top of the 8th over - 0 runs, 0 hits, 0 errors, 0 left on base; Santa Anna 1 - Coronado 4 | BOTTOM OF THE 8TH |
---|
Coronado Eclipse batting - Pitching for Santa Anna Dukes : RHP Howard Hatfield | Pitching: RHP Pat Wright | | Batting: RHB Júlio Serra | 0-0: Ball 1-0: Fly out, F9 (Flyball, 9D) | Batting: RHB Ramón Sánchez | 0-0: Fly out, F7 (Flyball, 7LM) | Batting: RHB Fred Wagner | 0-0: Foul Ball, location: 2F 0-1: Ball 1-1: SINGLE (Flyball, 9S) | Batting: LHB Todd Emery | 0-0: Fly out, F8 (Flyball, 8RD) | Bottom of the 8th over - 0 runs, 1 hit, 0 errors, 1 left on base; Santa Anna 1 - Coronado 4 | TOP OF THE 9TH |
---|
Santa Anna Dukes batting - Pitching for Coronado Eclipse : LHP Luis Rincón | Pitching: RHP Juan Ríos | | Batting: LHB Luis Miguel Martínez | 0-0: Swinging Strike 0-1: Foul Ball, location: 2F 0-2: Strikes out swinging | Batting: RHB Andrés Pérez | 0-0: Foul Ball, location: 2F 0-1: Called Strike 0-2: Ground out 1-3 (Groundball, P) | Batting: RHB Amdre Casse | 0-0: Ball 1-0: Foul Ball, location: 2F 1-1: SINGLE (Line Drive, 7LS) | Batting: RHB Tim Guerrero | 0-0: Ball 1-0: Called Strike 1-1: Ball 2-1: Called Strike 2-2: Foul Ball, location: 2F 2-2: Fly out, F8 (Flyball, 78M) | Top of the 9th over - 0 runs, 1 hit, 0 errors, 1 left on base; Santa Anna 1 - Coronado 4 | |